 Dungeon Crawl Stone Soup version 0.26-a0-738-g91b530ce93 (webtiles) character file.

Game seed: 17711585525617746603

396 Descartes the Covert (level 6, -9/28 HPs)
             Began as a Felid Delver on Nov 5, 2020.
             Killed by divine providence
             ... invoked by an orc priest
              (16 damage)
             ... on level 5 of the Dungeon.
             The game lasted 00:09:57 (6520 turns).

Descartes the Covert (Felid Delver)                 Turns: 6520, Time: 00:09:58

Health: -9/28      AC:  2    Str: 10    XL:     6   Next: 52%
Magic:  7/7        EV: 22    Int: 12    God:
Gold:   186        SH:  0    Dex: 17    Spells: 5/5 levels left
                                        Lives:  0   Deaths: 2

rFire    . . .     SeeInvis +     - Unarmed
rCold    . . .     Faith    .   (shield unavailable)
rNeg     . . .     Spirit   .   (armour unavailable)
rPois    .         Reflect  .   (helmet unavailable)
rElec    .         Harm     .   (cloak unavailable)
rCorr    .         Rampage  .   (gloves unavailable)
MR       .....                  (boots unavailable)
Stlth    ++++++....             (no amulet)
HPRegen  0.09/turn              k - ring of wizardry
MPRegen  0.10/turn              (no ring)

@: quick
A: very small, no armour, no weapons or thrown items, stealth, claws 1, fangs 3,
see invisible, speed 1, shaggy fur 2, sharp paws
a: no special abilities


You were on level 5 of the Dungeon.
You visited 1 branch of the dungeon, and saw 5 of its levels.

You collected 186 gold pieces.

Inventory:

Missiles
 u - 84 arrows
 v - 35 stones
Jewellery
 k - a ring of wizardry (left paw)
Wands
 e - a wand of digging (3)
 s - a wand of random effects (14)
Scrolls
 a - 3 scrolls of fog
 b - 4 scrolls of magic mapping
 c - a scroll of fear
 f - a scroll of random uselessness {unknown}
 g - 2 scrolls of enchant weapon {unknown}
 h - 2 scrolls of teleportation {unknown}
 l - 3 scrolls of amnesia {unknown}
 m - a scroll of noise {unknown}
 n - 4 scrolls of remove curse {unknown}
 p - a scroll of blinking {unknown}
 t - 2 scrolls of enchant armour {unknown}
Potions
 d - a potion of haste
 i - a potion of berserk rage
 j - a potion of curing
 o - 3 potions of might
 q - a potion of degeneration {unknown}
 r - 2 potions of ambrosia


   Skills:
 - Level 3.0 Fighting
 + Level 7.0 Dodging
 + Level 12.1 Stealth
 + Level 5.2 Unarmed Combat


You had 5 spell levels left.
You didn't know any spells.
Your spell library was empty.

Dungeon Overview and Level Annotations

Branches:
Dungeon (5/15)
 Temple: D:4-7

Altars:
Ashenzari
Cheibriados
Elyvilon
Sif Muna
Vehumet
Wu Jian

Shops:
D:5 :

Annotations:
D:5 exclusion: bullfrog


Innate Abilities, Weirdness & Mutations

You cannot wear armour.
You are incapable of wielding weapons or throwing items.
Your paws allow you to move quietly. (Stealth)
You have sharp claws.
You have razor-sharp teeth.
You have supernaturally acute eyesight. (SInv)
You cover ground quickly.
You are covered in thick fur. (AC +2)
Your sharp claws are effective at attacking unaware monsters.


Message History

a +0 dagger; a +0 robe The orc priest shouts!
You scratch the orc.
The orc is severely wounded.
The orc hits you with a +0 dagger.
The orc wizard gestures at you while chanting.
The magic dart hits you!
An orc wizard comes into view. It is wielding a +0 dagger.
The orc wizard looks braver for a moment.
The orc wizard shouts!
You scratch the orc.
You kill the orc!
An orc comes into view. It is wielding a +0 club.
The orc wizard gestures at you while chanting.
The magic dart hits you.
* * * LOW HITPOINT WARNING * * *
The orc priest mumbles some strange prayers to Beogh against you.
Beogh smites you!
Ouch! That really hurt!
You die...

......#........ .oo....
..###.......... ...o...
#.≈≈.≈..... .......
..♣≈§.≈♣.### ....#..
##.≈≈≈≈.P≈♣.#. #.....
.##≈≈≈≈.≈≈≈≈#.
'#.....#+#/#.P≈≈≈.≈≈ ♣..
∩'....)......≈≈≈≈.≈≈P♣..
#.....@.....o≈≈≈.≈≈≈≈..
#......).†...≈♣≈.≈P≈♣..
##.##..o.#.#.♣♣≈.≈P≈...
# ##....#### P.≈P♣...
#........#♣ ≈.≈≈≈...
##........♣ ≈.≈≈P≈..
##......P♣ .≈≈≈♣≈#
##.....≈♣ .≈≈≈♣♣≈
#.....♣♣ .≈≈≈♣♣♣


You could see an orc priest, 3 orc wizards and an orc (wandering).

Vanquished Creatures
  Sigmund (D:3)
  Menkaure (D:4)
  An ice beast (D:5)
  3 ogres (D:4)
  A scorpion (D:4)
  A quasit (D:4)
  A hound (D:2)
  3 orc priests (D:4)
  3 orc wizards
  Jessica (D:3)
  Natasha (thrice) (D:3)
  6 worker ants (D:4)
  6 adders
  An ufetubus (D:4)
  An ooze (D:3)
  An adder zombie (D:5)
  5 worms
  3 dart slugs
  4 leopard geckos
  18 orcs
  4 bats
  5 giant cockroaches
  6 goblins
  A hobgoblin (D:1)
  7 kobolds
  2 quokkas (D:2)
  2 frilled lizards
  2 quokka skeletons
  6 rats
99 creatures vanquished.

Vanquished Creatures (others)
  14 plants (D:5)
14 creatures vanquished.

Grand Total: 113 creatures vanquished

Notes
Turn   | Place    | Note
-------+----------+-------------------------------------------
     0 | D:5      | Descartes the Felid Delver began the quest for the Orb.
     0 | D:5      | Reached XP level 1. HP: 10/10 MP: 2/2
    45 | D:5      | Noticed a bullfrog
   124 | D:4      | Noticed a worker ant
   129 | D:4      | Killed a worker ant
   129 | D:4      | Reached skill level 7 in Stealth
   129 | D:4      | Reached XP level 2. HP: 14/14 MP: 3/3
   226 | D:4      | Noticed Menkaure
   227 | D:4      | Reached skill level 8 in Stealth
   227 | D:4      | Reached XP level 3. HP: 17/17 MP: 4/4
   232 | D:4      | Killed Menkaure
   232 | D:4      | Reached skill level 10 in Stealth
   232 | D:4      | Reached XP level 4. HP: 21/21 MP: 5/5
   232 | D:4      | Reached XP level 5. HP: 24/24 MP: 6/6
   247 | D:4      | Noticed an ogre
   310 | D:2      | Found a white marble altar of Elyvilon.
  2336 | D:3      | Found a broken altar of Ashenzari.
  2346 | D:3      | Gained mutation: You are covered in thick fur. (AC +2)
                  | [Felid growth]
  2346 | D:3      | Reached XP level 6. HP: 28/28 MP: 7/7
  2460 | D:3      | Found an ornate altar of the Wu Jian Council.
  2460 | D:3      | Found a snail-covered altar of Cheibriados.
  2460 | D:3      | Found a shimmering blue altar of Sif Muna.
  2591 | D:3      | Noticed Jessica
  2597 | D:3      | Killed Jessica
  2924 | D:3      | Found a radiant altar of Vehumet.
  2924 | D:3      | Noticed Natasha
  2930 | D:3      | Killed Natasha
  2952 | D:3      | Noticed Sigmund
  2959 | D:3      | Killed Sigmund
  2998 | D:3      | Noticed Natasha
  3014 | D:3      | Killed Natasha
  3014 | D:3      | Reached XP level 7. HP: 31/31 MP: 8/8
  3440 | D:3      | Found a radiant altar of Vehumet.
  3455 | D:3      | Noticed Natasha
  3466 | D:3      | Killed Natasha
  3645 | D:3      | Found an ornate altar of the Wu Jian Council.
  3645 | D:3      | Found a snail-covered altar of Cheibriados.
  3646 | D:3      | Found a shimmering blue altar of Sif Muna.
  3672 | D:3      | Found a broken altar of Ashenzari.
  3934 | D:4      | Reached skill level 11 in Stealth
  4299 | D:4      | Reached skill level 5 in Dodging
  5133 | D:4      | HP: 1/31 [orc/+0 club (5)]
  5329 | D:4      | Reached XP level 8. HP: 11/34 MP: 9/9
  6195 | D:4      | Reached skill level 5 in Unarmed Combat
  6463 | D:5      | Killed from afar by an orc wizard
  6464 | D:5      | Reached XP level 7. HP: -4/31 MP: 8/8
  6469 | D:5      | Reached skill level 12 in Stealth
  6499 | D:5      | Found Vagisa's Book Boutique.
  6513 | D:5      | Killed from afar by an orc wizard
  6514 | D:5      | Reached XP level 6. HP: 0/28 MP: 7/7
  6520 | D:5      | Killed from afar by an orc priest

Illustrated notes

Levels and vault maps discovered:
D:1:      lightli_arrival_statuegarden, layout_basic
D:2:      layout_basic, overflow_temple_1_default
D:3:      layout_basic, lemuel_round_altar, cheibrodos_ashenzari_chains,
          gammafunk_temple_overflow_claw, minmay_unequal, uniq_natasha,
          uniq_jessica, uniq_sigmund
D:4:      layout_loops_ring, grunt_ministairs_1, kennysheep_path_1,
          uniq_menkaure
D:5:      layout_cave_pools, kennysheep_mini, serial_bayou,
          serial_bayou_shore_a, serial_bayou_crossing, serial_bayou_lagoon_b,
          serial_bayou_pond_d, serial_shops, nicolae_shop_behind_doors,
          minmay_manual_moon

Skill      XL: |  1  2  3  4  5  6  7  8 |
---------------+-------------------------+-----
Stealth        | 7 8 10 12 | 12.1
Dodging        | 3 7 6 |  7.0
Unarmed Combat | 3 4 5 |  5.2
Fighting       | |  3.0

Action                   |  1- 3 |  4- 6 |  7- 9 || total
-------------------------+-------+-------+-------++-------
Melee: Unarmed           |    14 |   149 |   227 ||   390
       Bite              |       |    11 |    21 ||    32
       Punch             |       |     2 |    10 ||    12
  Use: Scroll            |       |       |     4 ||     4
       Potion            |       |       |     3 ||     3
 Stab: Sleeping          |     4 |    26 |    10 ||    40
       Distracted        |       |     1 |       ||     1
Armor: Skin              |       |     7 |     8 ||    15
Dodge: Dodged            |     9 |   106 |   234 ||   349

Table legend: (Time is in decaauts)
 A = Elapsed time spent in this place.
 B = Non-inter-level travel time spent in this place.
 C = Inter-level travel time spent in this place.
 D = Time resting spent in this place.
 E = Time spent auto-exploring this place.
 F = Levels seen in this place.
 G = Mean time per level.
                   A        B        C        D        E       F      G
               +--------+--------+--------+--------+--------+-----+--------+
         Total |   5732 |   5527 |    205 |    358 |   4111 |   5 | 1146.4 |
       Dungeon |   5732 |   5527 |    205 |    358 |   4111 |   5 | 1146.4 |
               +--------+--------+--------+--------+--------+-----+--------+

Top non-repeatable levels by time:
     D:4: 2157 daAuts
     D:3: 1501 daAuts
     D:1: 972 daAuts
     D:2: 860 daAuts
     D:5: 240 daAuts
